 Dungeon Crawl Stone Soup version 0.20-a0-256-gabb291d (webtiles) character file.

3797 Jraekied the Fighter (level 9, -4/74 HPs)
             Began as a Demonspawn Gladiator on Dec 1, 2016.
             Was a Believer of Okawaru.
             Slain by a yak (11 damage)
             ... on level 1 of the Lair of Beasts.
             The game lasted 00:21:07 (11352 turns).

Jraekied the Fighter (Demonspawn Gladiator)        Turns: 11352, Time: 00:21:07

Health: -4/74      AC:  8    Str: 16    XL:     9   Next: 96%
Magic:  0/13       EV: 18    Int:  9    God:    Okawaru [**....]
Gold:   426        SH:  0    Dex: 23    Spells: 8/8 levels left

rFire  . . .     SeeInvis .     a - +0 war axe
rCold  + + .     Gourm    .     L - +0 leather armour {rC+}
rNeg   . . .     Faith    .     (no shield)
rPois  .         Spirit   +     c - +0 helmet
rElec  .         Reflect  .     B - +1 cloak
rCorr  .         Harm     .     J - +0 pair of gloves "Burhipt" {+Blink MR+ Dex+3} (curse)
MR     ++...                    (no boots)
Stlth  +++.......               (no amulet)
                                w - +3 ring of dexterity
                                A - ring of protection from magic

@: heroism
A: talons 2, cold resistance 1, magic shield
a: Heroism, Renounce Religion, Evoke Blink


You were on level 1 of the Lair of Beasts.
You worshipped Okawaru.
Okawaru was pleased with you.
You were near starving.

You visited 3 branches of the dungeon, and saw 10 of its levels.
You also visited: Sewer.

You collected 426 gold pieces.

Inventory:

Hand Weapons
 a - a +0 war axe (weapon)
 b - a +1 shortbow
 H - a +2 halberd of protection
Missiles
 d - 3 throwing nets (quivered)
 C - 61 arrows
Armour
 c - a +0 helmet (worn)
 n - a +0 ring mail
 o - a +0 leather armour
 B - a +1 cloak (worn)
 J - the cursed +0 pair of gloves "Burhipt" (worn) {+Blink MR+ Dex+3}
   (You found it on level 6 of the Dungeon)

   It affects your dexterity (+3).
   It affects your resistance to hostile enchantments.
   It lets you blink.
   It has a curse placed upon it.
 L - a +0 leather armour of cold resistance (worn)
Jewellery
 p - an uncursed ring of fire
 w - a +3 ring of dexterity (right hand)
 A - a ring of protection from magic (left hand)
Scrolls
 h - 4 scrolls of remove curse
 u - a scroll of enchant weapon
 v - a scroll of recharging
 x - 2 scrolls of blinking
 D - a scroll of fear
 E - 4 scrolls of identify
 M - a scroll of amnesia
Potions
 e - a potion of degeneration {unknown}
 g - a potion of magic
 i - a potion of invisibility {unknown}
 k - 2 potions of cancellation
 l - a potion of heal wounds {unknown}
 m - a potion of beneficial mutation
 q - a potion of agility
 r - 2 potions of flight
 s - 3 potions of lignification
 t - 2 potions of curing
 G - a potion of haste
 K - 2 potions of brilliance
Books
 y - a book of Cantrips

   Spells                             Type                      Level
   a - Confusing Touch                Hexes                        1
   b - Animate Skeleton               Necromancy                   1
   c - Summon Small Mammal            Summoning                    1
   d - Apportation                    Translocation                1
 F - a book of Summonings

   Spells                             Type                      Level
   a - Recall                         Summoning/Translocation      3
   b - Aura of Abjuration             Summoning                    5
   c - Summon Demon                   Summoning                    5
   d - Summon Forest                  Summoning/Translocation      5
   e - Summon Mana Viper              Hexes/Summoning              5
   f - Shadow Creatures               Summoning                    6
Comestibles
 f - 5 bread rations
 j - 2 slices of pizza
 z - 9 beef jerkies
 I - 2 fruits


   Skills:
 + Level 8.1(13.1) Fighting
 - Level 8.0(13.0) Axes
 + Level 6.6(11.6) Bows
 - Level 1.7(6.7) Throwing
 - Level 2.6(7.6) Dodging
 + Level 6.0 Invocations


You had 8 spell levels left.
You didn't know any spells.

Dungeon Overview and Level Annotations

Branches:
Dungeon (8/15)             Temple (1/1) D:6            Lair (1/6) D:8

Altars:
Ashenzari
Cheibriados
Dithmenos
Elyvilon
Fedhas
Gozag
Hepliaklqana
Makhleb
Nemelex Xobeh
Okawaru
Qazlal
Ru
Sif Muna
Trog
Uskayaw
Vehumet
Xom
Yredelemnul
Zin
The Shining One

Shops:
D:4 ?

Annotations:
D:5 ellienor's ghost, novice MiBe
D:7 1 runed door, Joseph


Innate Abilities, Weirdness & Mutations

You have razor-sharp toenails.
Your flesh is cold resistant. (rC+)
When hurt, damage is shared between your health and your magic reserves.


Message History

You slash the yak! Your kick misses the yak.
The yak is heavily wounded.
The yak gores you.
* * * LOW HITPOINT WARNING * * *
You hit the yak but do no damage. Your kick misses the yak.
The yak is heavily wounded.
You slash the yak! You claw the yak, but do no damage.
The yak is severely wounded.
The yak gores you!
* * * LOW HITPOINT WARNING * * *
You barely miss the yak. You claw the yak.
The yak is severely wounded.
The yak closely misses you.
You feel better.
You are near starving!
The yak barely misses you.
You hit the yak. Your kick misses the yak.
The yak is almost dead.
The yak gores you!
You die...

#....# ##...# #...#
##....# ..... ##....#
#...# #..[..##...P#
P###########.........#
............Y..##...#
...†.....#....#Y#...#
....######....##@..#
.#.# ##...###...# ##
#....# ...##
##....#....#
#....##...P#
##...#.#.....
##....##......
#....##P....... #....#
.......


You could see a yak.

Vanquished Creatures
  A komodo dragon (Lair:1)
  2 hippogriffs
  Sigmund (D:6)
  3 yaks (Lair:1)
  Eustachio (D:4)
  An ice beast (D:8)
  2 orc warriors
  7 ogres
  The ghost of Jraekied the Skirmisher, an amateur DsSk (D:3)
  2 centaurs
  A necrophage (D:8)
  A crocodile (Lair:1)
  3 bullfrogs (D:7)
  2 scorpions
  3 crimson imps
  A centaur zombie (D:8)
  A bullfrog zombie (D:7)
  3 hounds
  A bullfrog skeleton (D:4)
  2 iguanas
  2 orc wizards
  5 worker ants
  3 hound skeletons
  2 worker ant zombies
  4 gnolls (D:5)
  16 adders
  2 shadow imps (D:6)
  An adder zombie (D:5)
  2 adder skeletons
  4 worms
  7 leopard geckos
  26 orcs
  7 giant cockroaches
  10 hobgoblins
  19 jackals
  8 ball pythons
  3 bats
  8 frilled lizards
  6 goblins
  15 kobolds
  A quokka skeleton (D:3)
  7 rats
  A plant (Sewer)
198 creatures vanquished.

Vanquished Creatures (others)
  A plant (Lair:1)
1 creature vanquished.

Grand Total: 199 creatures vanquished

Notes
Turn   | Place    | Note
-------+----------+-------------------------------------------
     0 | D:1      | Jraekied the Demonspawn Gladiator began the quest for the Orb.
     0 | D:1      | Reached XP level 1. HP: 16/16 MP: 1/1
   470 | D:1      | Gained mutation: When hurt, damage is shared between your health and your magic reserves. [demonic ancestry]
   470 | D:1      | Reached XP level 2. HP: 23/23 MP: 2/2
  1238 | D:2      | Reached XP level 3. HP: 22/29 MP: 3/3
  1634 | D:3      | Found a glowing drain.
  1656 | D:3      | Gained mutation: Your flesh is cold resistant. (rC+) [demonic ancestry]
  1656 | D:3      | Reached XP level 4. HP: 14/35 MP: 2/4
  1851 | Sewer    | Entered a sewer
  2641 | D:3      | Noticed Jraekied's ghost (amateur DsSk)
  2720 | D:3      | Killed Jraekied's ghost
  2720 | D:3      | Reached XP level 5. HP: 31/43 MP: 3/5
  3805 | D:4      | Reached skill level 5 in Fighting
  3805 | D:4      | Reached XP level 6. HP: 47/51 MP: 6/6
  3806 | D:4      | Found a white marble altar of Elyvilon.
  4212 | D:4      | Reached skill level 5 in Axes
  4330 | D:4      | Gained mutation: You have sharp toenails. [demonic ancestry]
  4330 | D:4      | Reached XP level 7. HP: 30/57 MP: 7/7
  4395 | D:4      | Noticed Eustachio
  4579 | D:4      | Killed Eustachio
  5464 | D:4      | Found Yleolo's Magic Scroll Emporium.
  5525 | D:5      | Entered Level 5 of the Dungeon
  5530 | D:5      | Found a shadowy altar of Dithmenos.
  5972 | D:5      | Reached skill level 1 in Bows
  6147 | D:5      | Reached XP level 8. HP: 61/65 MP: 8/8
  6449 | D:5      | Noticed ellienor's ghost (novice MiBe)
  6840 | D:6      | Found a sparkling altar of Nemelex Xobeh.
  6942 | D:6      | Found a shattered altar of Ashenzari.
  6955 | D:6      | HP: 2/65 [orc warrior/scimitar (21)]
  7343 | D:6      | Noticed Sigmund
  7354 | D:6      | Killed Sigmund
  7847 | D:6      | Found a staircase to the Ecumenical Temple.
  7959 | D:6      | Found a bloodstained altar of Trog.
  8031 | D:6      | Got a pair of polished gloves
  8054 | D:6      | Identified the cursed +0 pair of gloves "Burhipt" {+Blink MR+ Dex+3} (You found it on level 6 of the Dungeon)
  8184 | Temple   | Entered the Ecumenical Temple
  8417 | Temple   | Became a worshipper of Warmaster Okawaru
  8585 | D:7      | Noticed a hippogriff
  8600 | D:7      | Killed a hippogriff
  8859 | D:7      | Found a hide-covered altar of Uskayaw.
  8863 | D:7      | Noticed a hand axe
  8863 | D:7      | Noticed a dagger
  8903 | D:7      | Gained mutation: You have razor-sharp toenails. [demonic ancestry]
  8903 | D:7      | Reached XP level 9. HP: 71/71 MP: 9/9
  8999 | D:7      | Reached skill level 5 in Bows
  9135 | D:7      | Noticed Joseph
  9136 | D:7      | Reached skill level 1 in Invocations
 10023 | D:7      | Found a runed door.
 10043 | D:7      | Reached * piety under Okawaru
 10301 | D:8      | Found a staircase to the Lair.
 10984 | Lair:1   | Entered Level 1 of the Lair of Beasts
 10984 | Lair:1   | Noticed an eight-headed hydra
 10989 | Lair:1   | Noticed a komodo dragon
 10999 | Lair:1   | Killed a komodo dragon
 10999 | Lair:1   | Reached ** piety under Okawaru
 10999 | Lair:1   | Reached skill level 5 in Invocations
 11349 | Lair:1   | HP: 3/73 [yak (7)]
 11352 | Lair:1   | Slain by a yak

Vault maps used:
D:1:      minmay_arrival_cross, serial_forest, infiniplex_forest_lined_corner,
          infiniplex_forest_lined_1, infiniplex_forest_straight_3,
          infiniplex_forest_fountain, infiniplex_forest_clump_diagonal,
          infiniplex_forest_lined_ring, infiniplex_forest_clump_small,
          infiniplex_forest_straight_2
D:2:      first_bread, kennysheep_crisscross
D:3:      minmay_wonky_spiral, gup_sewer_entry_glass, st_stairs_3
D:4:      elyvilon_altar_1, serial_shops, shop, uniq_eustachio
D:5:      kennysheep_little_box, lemuel_coloured_pillars_altar,
          minmay_misc_feat_more_columns
D:6:      lemuel_round_altar, nemelex_xobeh_ov_fountains_minmay,
          minmay_misc_feat_five, minivault_11, trog_book, uniq_sigmund
D:7:      dancing_weapons_uskayaw, grunt_ogre_cave, uniq_crazy_yiuf_cottage,
          uniq_joseph
D:8:      lair_entry_dummy
Temple:   eino_narrow_crystal_temple
Lair:1:   lab_entry_generic, grunt_forest_large_clearing_hut
Sewer:    sewer_co_scattered_pipes

Skill      XL: |  1  2  3  4  5  6  7  8  9 |
---------------+----------------------------+-----
Axes           | 3 4 5 6 7 8 |  8.0
Fighting       | 3 4 5 6 8 |  8.1
Bows           | 1 4 6 |  6.6
Invocations    | 6 |  6.0
Throwing       | |  1.7
Dodging        | |  2.6

Action                   |  1- 3 |  4- 6 |  7- 9 || total
-------------------------+-------+-------+-------++-------
Melee: War axe           |   109 |   246 |   265 ||   620
       Kick              |       |       |   104 ||   104
 Fire: Shortbow          |       |     3 |   236 ||   239
Throw: Throwing net      |       |       |     1 ||     1
Invok: Heroism           |       |       |     2 ||     2
  Use: Scroll            |     4 |     1 |    20 ||    25
       Potion            |       |     3 |     5 ||     8
 Stab: Sleeping          |     2 |       |       ||     2
  Eat: Meat ration       |     1 |       |     1 ||     2
       Chunk             |       |     6 |     3 ||     9
       Bread ration      |       |       |     3 ||     3
Armor: Leather armour    |     5 |       |    32 ||    37
       Ring mail         |    45 |    74 |    75 ||   194
Dodge: Dodged            |    98 |   174 |   211 ||   483
